Map: Frost LE

Players

Tenonee

  • Race: Terran Terran
  • League: Diamond

TesseracT - Winner!

  • Race: Protoss Protoss
  • League: Diamond

VOD

Have the link to the VOD?

Description

Time

  • Played on: July 31, 2016, 5:19 a.m.
  • Length: 9:27
Show
View Real Time Build Order
Export as new Build Order

Tenonee Terran 

Build Orders: MMM Bio 

Get SALT Encoding   

  12  0:01  SCV  
  13  0:13  SCV  
  14  0:18  Supply Depot  
  14  0:26  SCV  
  15  0:40  SCV  
  16  0:42  Barracks  
  16  0:48  Refinery  
  16  0:52  SCV  
  18  1:04  SCV  
  18  1:11  Supply Depot  
  18  1:16  SCV  
  19  1:33  Orbital Command  
  19  1:34  Barracks Reactor  
  19  1:55  Command Center  
  19  1:58  SCV  
  20  2:10  SCV  
  20  2:11  Marine x2  
  23  2:25  Factory  
  23  2:26  SCV  
  24  2:31  Marine x2  
  26  2:38  SCV  
  26  2:48  Marine x2  
  26  2:49  Refinery  
  26  2:50  SCV  
  29  2:55  Barracks  
  29  3:02  SCV  
  30  3:08  Supply Depot  
  30  3:12  Orbital Command  
  30  3:14  SCV  
  30  3:15  Marine  
  30  3:16  Marine  
  33  3:21  Factory Reactor  
  33  3:26  SCV  
  34  3:36  Bunker  
  34  3:38  SCV  
  35  3:42  Starport  
  35  3:43  SCV  
  35  3:44  Barracks Tech Lab  
  35  3:46  Marine  
  37  3:50  SCV  
  37  3:55  SCV  
  38  4:03  SCV  
  38  4:05  Marine x2  
  41  4:19  Marine  
  41  4:23  Marine  
  42  4:26  Stimpack  
  42  4:29  Factory Tech Lab  
  42  4:32  Marine  
  42  4:33  Medivac x2  
  42  4:34  SCV x2  
  42  4:37  Supply Depot, Marine  
  50  4:39  Supply Depot  
  50  4:42  Marine  
  51  4:46  SCV  
  51  4:47  SCV  
  51  4:49  Engineering Bay  
  53  4:58  Marine, SCV  
  53  4:59  Marauder  
  57  5:02  Supply Depot  
  57  5:19  Marine x2  
  57  5:20  Siege Tank, Marauder  
  64  5:21  Medivac  
  67  5:28  SCV x2  
  68  5:36  Refinery x2  
  68  5:37  Marine  
  68  5:40  SCV x2  
  69  6:00  Marine  
  69  6:01  Marine, Marauder  
  69  6:02  Medivac, Siege Tank  
  75  6:18  Marine  
  75  6:23  Marine  
  75  6:24  Marauder  
  74  6:36  Marine, SCV x2  
  74  6:39  Supply Depot  
  77  6:41  Supply Depot, Marine  
  78  6:48  Terran Infantry Weapons Level 1  
  78  6:49  Barracks  
  78  6:51  Command Center  
  78  6:54  Medivac, Siege Tank, SCV x2  
  78  6:56  Marine  
  78  7:00  Marine  
  78  7:01  Medivac, Marine  
  90  7:16  Combat Shields  
  90  7:24  Marine x2, Marauder  
  94  7:41  Marine x2  
  95  7:45  Marauder  
  76  7:56  Barracks Tech Lab  
  76  7:57  Siege Tank  
  76  7:58  Medivac x2  
  82  7:59  Marine x2, SCV x2  
  82  8:04  Orbital Command  
  86  8:10  Engineering Bay  
  86  8:11  SCV  
  87  8:14  Armory  
  87  8:15  SCV  
  87  8:19  Refinery  
  88  8:22  Refinery  
  82  8:40  Marine x3  
  82  8:41  Marine  
  73  8:51  Siege Tank  
  73  8:52  Medivac x2  
  72  8:58  Marine  
  73  9:05  Marine x3  
  72  9:11  Ghost Academy  
Show
View Real Time Build Order
Export as new Build Order

TesseracT Protoss - Winner!

Build Orders: 1 Gate Expand 

Get SALT Encoding   

  12  0:02  Probe (Chrono Boost)  
  13  0:12  Probe (Chrono Boost)  
  14  0:18  Pylon  
  14  0:23  Probe (Chrono Boost)  
  15  0:36  Probe (Chrono Boost)  
  15  0:37  Gateway  
  16  0:48  Probe (Chrono Boost)  
  17  0:52  Assimilator  
  17  0:58  Probe (Chrono Boost)  
  18  1:10  Probe (Chrono Boost)  
  19  1:21  Nexus  
  19  1:29  Cybernetics Core  
  19  1:33  Probe (Chrono Boost)  
  20  1:42  Assimilator  
  20  1:45  Probe (Chrono Boost)  
  21  1:49  Pylon  
  21  1:55  Probe (Chrono Boost)  
  22  2:06  Probe (Chrono Boost)  
  22  2:08  Adept  
  25  2:17  Mothership Core (Chrono Boost)  
  25  2:22  Warp Gate  
  27  2:33  Probe (Chrono Boost)  
  27  2:35  Probe (Chrono Boost)  
  29  2:37  Pylon  
  29  2:44  Probe (Chrono Boost)  
  30  2:46  Probe (Chrono Boost)  
  31  2:54  Probe (Chrono Boost)  
  31  2:56  Probe (Chrono Boost)  
  33  3:00  Twilight Council  
  33  3:05  Probe (Chrono Boost)  
  34  3:07  Probe (Chrono Boost), Gateway  
  34  3:11  Gateway  
  35  3:22  Probe (Chrono Boost), Adept  
  38  3:29  Robotics Facility  
  38  3:35  Resonating Glaives  
  38  3:36  Probe x2 (Chrono Boost)  
  40  3:51  Pylon  
  40  3:52  Probe x2 (Chrono Boost)  
  42  4:05  Probe x2 (Chrono Boost)  
  44  4:26  Probe (Chrono Boost)  
  44  4:27  Probe (Chrono Boost)  
  44  4:31  Warp Prism  
  46  4:36  Adept x2  
  46  4:37  Probe (Chrono Boost), Adept  
  56  4:39  Probe (Chrono Boost), Assimilator  
  56  4:40  Assimilator  
  56  4:44  Templar Archives  
  56  4:47  Probe (Chrono Boost)  
  56  4:51  Probe (Chrono Boost)  
  56  4:52  Gateway  
  58  4:53  Gateway  
  58  4:55  Gateway  
  58  5:00  Blink  
  58  5:02  Gateway  
  58  5:04  Pylon  
  58  5:14  Immortal  
  62  5:30  Forge x2  
  62  5:31  Adept x3  
  69  5:44  Probe (Chrono Boost)  
  68  6:01  Stalker  
  70  6:34  Psionic Storm  
  70  6:42  Pylon  
  70  6:43  Pylon  
  70  6:45  Pylon  
  70  6:53  Probe (Chrono Boost)  
  68  6:54  Probe (Chrono Boost)  
  68  6:56  Adept  
  68  7:00  Adept x2  
  68  7:01  Adept x4  
  80  7:19  Protoss Ground Armor Level 1, Protoss Ground Weapons Level 1  
  80  7:27  Adept x3  
  86  7:37  Pylon  
  81  7:39  Pylon  
  81  7:42  Pylon  
  67  8:01  Stalker  
  67  8:02  Stalker x3  
  67  8:03  Stalker x3  
  81  8:12  Nexus  
  81  8:13  Warp Prism  
  67  9:25  Stalker x6  
  67  9:26  Stalker  
Tags
 
Add a new tag
Caveats
  • Supply blocks, unpowered buildings, or Contaminate may cause inaccurate times.
  • Supply counts are checked every 10 seconds.